 Dungeon Crawl Stone Soup version 0.31.0-11-ge490571c62 (webtiles) character file.

Game seed: 7331940148550524354

1897 Strat the Grappler (level 9, -4/78 HPs)
             Began as a Ghoul Fire Elementalist on Jan 29, 2024.
             Was a Follower of Kikubaaqudgha.
             Slain by an orc warrior
             ... wielding a +0 battleaxe
              (20 damage)
             ... on level 6 of the Dungeon.
             The game lasted 00:13:35 (7255 turns).

Strat the Grappler (Ghoul Fire Elementalist)        Turns: 7255, Time: 00:13:36

Health: -4/78      AC:  6    Str: 16    XL:     9   Next: 15%
Magic:  1/11       EV: 12    Int: 14    God:    Kikubaaqudgha [*.....]
Gold:   313        SH:  0    Dex:  9    Spells: 6/11 levels left

rFire   . .          .
                       - Unarmed
rCold   + . .        (no shield)
rNeg    + + +        a - +0 robe
rPois   ∞            v - +0 helmet
rElec   .            l - +2 cloak
rCorr   .            (no gloves)
SInv    .            (no boots)
Will    .....        c - amulet of the acrobat
Stlth   ++           (no ring)
HPRegen 0.00/turn    (no ring)
MPRegen 0.12/turn

%: acrobat
@: inhibited regen
A: claws 1, cold resistance 1, negative energy resistance 3, inhibited
regeneration, torment resistance 2, devour on kill
a: Renounce Religion, Unearth Wretches


You were on level 6 of the Dungeon.
You worshipped Kikubaaqudgha.
Kikubaaqudgha was aware of your devotion.
You visited 2 branches of the dungeon, and saw 7 of its levels.

You collected 313 gold pieces.

Inventory:

Missiles
 d - a throwing net
 s - 5 boomerangs
Armour
 a - a +0 robe (worn)
 l - a +2 cloak (worn)
 t - a +0 buckler
 v - a +0 helmet (worn)
Jewellery
 c - an amulet of the acrobat (around neck)
 e - an amulet of magic regeneration
Wands
 g - a wand of digging (5)
 o - a wand of iceblast (11)
Scrolls
 n - a scroll of fog
 x - 2 scrolls of identify
Potions
 b - a potion of magic
 f - 2 potions of cancellation {unknown}
 h - a potion of brilliance {unknown}
 i - a potion of might {unknown}
 j - a potion of haste {unknown}
 k - a potion of enlightenment {unknown}
 m - a potion of mutation {unknown}
 p - a potion of curing
 q - 2 potions of degeneration {unknown}
 r - a potion of lignification {unknown}
 z - 2 potions of attraction {unknown}


   Skills:
 + Level 6.4 Fighting
 - Level 1.7 Dodging
 - Level 2.1 Stealth
 + Level 10.7 Unarmed Combat
 - Level 1.7 Spellcasting
 - Level 0.7 Conjurations
 - Level 2.4 Fire Magic


You had 6 spell levels left.
You knew the following spells:

 Your Spells              Type           Power      Damage    Failure   Level
a - Foxfire               Conj/Fire      20%        2x1d5     13%         1
b - Scorch                Fire           14%        2d5       14%         2
c - Blink                 Tloc           2%         N/A       36%         2

Your spell library contained the following spells:

 Spells                   Type           Power      Damage    Failure   Level
 Kiss of Death            Conj/Necr      8%         2d6       22%         1
 Necrotise                Necr           4%         1d4       24%         1
 Momentum Strike          Conj/Tloc      4%         3d8       32%         2
 Cigotuvi's Dreadful Rot  Necr/Alch/Air  2%         N/A       36%         2
 Lesser Beckoning         Tloc           2%         N/A       36%         2
 Inner Flame              Hex/Fire       4%         N/A       41%         3
 Volatile Blastmotes      Fire/Tloc      8%         2d10      41%         3
 Fugue of the Fallen      Necr           1%         N/A       58%         3
 Summon Ice Beast         Ice/Summ       1%         N/A       58%         3
 Flame Wave               Conj/Fire      5%         2d5       77%         4
 Summon Mana Viper        Hex/Summ       1%         N/A       100%        5
 Monstrous Menagerie      Summ           0%         N/A       100%        7


Dungeon Overview and Level Annotations

Branches:
Dungeon (6/15)             Temple (1/1) D:5

Altars:
Ashenzari
Cheibriados
Dithmenos
Gozag
Kikubaaqudgha
Makhleb
Nemelex Xobeh
Okawaru
Ru
Sif Muna
Trog
Uskayaw
Wu Jian
Xom
Yredelemnul

Shops:
D:1 (   D:2 *!![   D:4 *

Annotations:
D:5 Sigmund


Innate Abilities, Weirdness & Mutations

You are immune to poison.
You have sharp fingernails.
Your flesh is cold resistant. (rC+)
You are immune to negative energy. (rN+++)
You do not regenerate when monsters are visible.
You are immune to unholy pain and torment.
You thrive by killing the living.


Message History

Things that are here:
a +0 hand axe; a +0 ring mail You mangle the orc warrior!!
The orc warrior is severely wounded.
You hear a shout!
The orc warrior hits you with a +0 battleaxe!
Casting: Scorch (safe; 14% risk of failure)
Confirm with . or Enter, or press ? or * to list all spells.
Flames lash the orc warrior.
The orc warrior is severely wounded.
The orc warrior's fire resistance burns away.
The orc warrior hits you with a +0 battleaxe!
* * * LOW HITPOINT WARNING * * *
The orc closely misses you.
You barely miss the orc warrior.
The orc warrior is severely wounded.
You barely miss the orc warrior.
The orc warrior is severely wounded.
The orc warrior is no longer more vulnerable to fire.
The orc warrior hits you with a +0 battleaxe!
* * * LOW HITPOINT WARNING * * *
The orc hits you with a +0 hand axe.
* * * LOW HITPOINT WARNING * * *
You feel better.
The orc warrior hits you with a +0 battleaxe.
* * * LOW HITPOINT WARNING * * *
The orc closely misses you.
Casting: Scorch (safe; 14% risk of failure)
Confirm with . or Enter, or press ? or * to list all spells.
Flames lash the orc.
You kill the orc!
Kikubaaqudgha accepts your kill.
The orc warrior hits you with a +0 battleaxe!!
* * * LOW HITPOINT WARNING * * *
Unknown command.
You closely miss the orc warrior.
The orc warrior is severely wounded.
The orc warrior hits you with a +0 battleaxe!!
You die...
Kikubaaqudgha rasps: "You have failed me!
Welcome... oblivion!"

........#####....................
........# #....................
........# #...............†....
........# #....................
........# #....................
...>....# #....................
........# #....................
........# #....................
........# ,#.)o@................
####'#.........######.......#####
.#.........# #.......#...#
......... #.......#...' ........#
#.......#...# ........#
#.......#.>.# ........#
#.......#...# ........#
#.......#...' #.......#...#


You could see an orc warrior.

Vanquished Creatures
  Pikel (D:5)
  2 black bears
  An ogre (D:5)
  A phantom (D:4)
  A kobold brigand (D:6)
  2 lemures
  A bullfrog (D:6)
  3 scorpions
  3 killer bees
  A bombardier beetle (D:5)
  2 hounds
  3 jellies
  3 orc priests (D:6)
  3 iguanas (D:5)
  5 orc wizards
  9 adders
  A white imp (D:6)
  A dart slug (D:4)
  12 orcs
  7 bats
  7 endoplasms
  4 giant cockroaches
  4 goblins
  7 hobgoblins
  10 kobolds
  A quokka (D:4)
  9 ball pythons
  2 frilled lizards (D:3)
106 creatures vanquished.

Vanquished Creatures (others)
  42 foxfires
42 creatures vanquished.

Grand Total: 148 creatures vanquished

Notes
Turn   | Place    | Note
-------+----------+-------------------------------------------
     0 | D:1      | Strat the Ghoul Fire Elementalist began the quest for the
                  | Orb.
     0 | D:1      | Reached XP level 1. HP: 14/14 MP: 3/3
   158 | D:1      | Found a faded altar of an unknown god.
   188 | D:1      | Reached skill level 1 in Fighting
   283 | D:1      | Reached XP level 2. HP: 17/24 MP: 1/4
   642 | D:1      | Learned a level 2 spell: Scorch
   735 | D:1      | Found Zihysal's Weapon Shop.
  1249 | D:2      | Reached XP level 3. HP: 18/30 MP: 0/5
  1369 | D:2      | Found Bocoz's Book Emporium.
  1750 | D:2      | Found Vokhla Rymo's Distillery.
  1756 | D:2      | Found Rewk's Distillery.
  1791 | D:2      | Found Hiehug's Assorted Antiques.
  1885 | D:2      | Found Jacor's Armour Shoppe.
  2350 | D:3      | Reached skill level 2 in Unarmed Combat
  2350 | D:3      | Reached XP level 4. HP: 9/38 MP: 1/6
  3161 | D:4      | Noticed a phantom
  3214 | D:4      | Reached skill level 3 in Unarmed Combat
  3426 | D:4      | Reached XP level 5. HP: 45/45 MP: 2/7
  3473 | D:4      | Learned a level 2 spell: Blink
  3513 | D:4      | Reached skill level 4 in Unarmed Combat
  3564 | D:4      | Noticed an ogre
  3668 | D:4      | Killed a phantom
  3669 | D:4      | Reached skill level 5 in Unarmed Combat
  3669 | D:4      | Reached XP level 6. HP: 51/51 MP: 1/8
  4116 | D:4      | Reached skill level 6 in Unarmed Combat
  4275 | D:4      | Found Eghadwur's Assorted Antiques.
  4481 | D:5      | Entered Level 5 of the Dungeon
  4644 | D:5      | Found a staircase to the Ecumenical Temple.
  4652 | Temple   | Entered the Ecumenical Temple
  4675 | Temple   | Became a worshipper of Kikubaaqudgha
  4773 | D:5      | Reached XP level 7. HP: 58/58 MP: 4/9
  4996 | D:5      | Noticed Sigmund
  5378 | D:5      | Noticed Pikel
  5615 | D:5      | Found a sparkling altar of Nemelex Xobeh.
  5626 | D:5      | Reached skill level 5 in Fighting
  5626 | D:5      | Reached skill level 7 in Unarmed Combat
  6266 | D:5      | Killed Pikel
  6267 | D:5      | Reached skill level 9 in Unarmed Combat
  6267 | D:5      | Reached XP level 8. HP: 32/68 MP: 3/10
  6478 | D:6      | Reached skill level 10 in Unarmed Combat
  6735 | D:6      | Reached XP level 9. HP: 61/75 MP: 1/11
  6851 | D:6      | Found a bloodstained altar of Trog.
  7239 | D:6      | Reached * piety under Kikubaaqudgha
  7239 | D:6      | Received a gift from Kikubaaqudgha
  7255 | D:6      | Slain by an orc warrior

Illustrated notes

Levels and vault maps discovered:
D:1:      mushboom_english_gardens, layout_loops_corners, serial_shops, shop,
          dreamdust_ecumenical_altar_statues
D:2:      layout_basic, serial_shops, nicolae_shop_trees,
          nicolae_shop_peninsula, shop, nicolae_shop_real_fake_doors, shop,
          minmay_tromino_i4
D:3:      layout_basic, grunt_decor_one_mirror
D:4:      layout_loops_cross, serial_shops, shop_fountains,
          corexii_leaking_fountain
D:5:      layout_basic, nemelex_dance_club_becter,
          minmay_temple_entry_overgrown, uniq_pikel, uniq_sigmund
D:6:      layout_gridville, mainiacjoe_overflow_tiny_flanked
Temple:   regret_index_temple_waves

Skill      XL: |  1  2  3  4  5  6  7  8  9 |
---------------+----------------------------+-----
Fighting       | 1 2 3 5 6 |  6.4
Unarmed Combat | 2 3 5 6 9 10 | 10.7
Dodging        | |  1.7
Stealth        | |  2.1
Spellcasting   | |  1.7
Conjurations   | |  0.7
Fire Magic     | |  2.4

Action                     |  1- 3 |  4- 6 |  7- 9 || total
---------------------------+-------+-------+-------++-------
  Melee: Unarmed           |    73 |    63 |   154 ||   290
         Punch             |       |       |     5 ||     5
   Cast: Foxfire           |    18 |     3 |     7 ||    28
         Scorch            |    17 |    35 |    55 ||   107
    Use: Scroll            |       |    10 |     1 ||    11
         Potion            |       |       |     3 ||     3
   Stab: Sleeping          |       |     2 |       ||     2
 Armour: Robe              |    45 |    43 |   121 ||   209
  Dodge: Dodged            |    63 |    65 |   125 ||   253
